AoeStats
← die trying

Arabia

502989716Analyzed
1v1 RM · 1mo ago on Aug 29, 2026· 15m 38s· 2 players
Game mode
Random Map
Map size
Tiny (2 player)
Population
200
Speed
Normal
Resources
Standard
Victory
Conquest
Starting age
Dark Age
Ending age
Imperial Age
RankedLock teamsTeams togetherTeam positionsShared explorationLock speedFull tech treeHidden civsTurbo modeCheats
Victory
Defeat
🇧🇷 Persians · Brazil
1880
+15
🇨🇱 Mongols · Chile
1854
-15
die trying
6:44 Loom
9:25 Feudal Age
14:27 Fletching
Chagas
9:01 Loom
11:37 Feudal Age
11:34 Man-at-Arms
13:34 Double-Bit Axe
13:29 Horse Collar
14:19 Fletching
Connection lost

Rejoining the realm…

Still unreachable

The connection could not be restored.

Session expired

The server has moved on; the page needs a fresh start.